 Dungeon Crawl Stone Soup version 0.22-a0-240-g539252a (webtiles) character file.

93 Amnesiac the Charlatan (level 4, -2/22 HPs)
             Began as a Spriggan Artificer on Feb 21, 2018.
             Slain by a centaur skeleton (7 damage)
             ... on level 5 of the Dungeon.
             The game lasted 00:03:15 (1297 turns).

Amnesiac the Charlatan (Spriggan Artificer)         Turns: 1297, Time: 00:03:15

Health: -2/22      AC:  2    Str:  9    XL:     4   Next: 36%
Magic:  9/9        EV: 19    Int: 12    God:
Gold:   48         SH:  0    Dex: 16    Spells: 3/3 levels left

rFire    . . .     SeeInvis +   a - +0 short sword
rCold    . . .     Gourm    .   (shield restricted)
rNeg     . . .     Faith    .   b - +0 robe
rPois    .         Spirit   .   (helmet restricted)
rElec    .         Reflect  .   (no cloak)
rCorr    .         Harm     .   (gloves unavailable)
MR       .....                  (boots unavailable)
Stlth    ++........             (no amulet)
HPRegen  0.07/turn              (no ring)
MPRegen  0.11/turn              (no ring)

@: very quick
A: very small, unfitting armour, see invisible, herbivore, speed 3, slow
metabolism 2
a: no special abilities


You were on level 5 of the Dungeon.
You were not hungry.

You visited 2 branches of the dungeon, and saw 6 of its levels.

You collected 48 gold pieces.

Inventory:

Hand Weapons
 a - a +0 short sword (weapon)
Missiles
 j - 17 poisoned needles
Armour
 b - a +0 robe (worn)
Wands
 c - a wand of flame (7)
 d - a wand of enslavement (15)
 e - a wand of random effects (11)
Scrolls
 g - 2 scrolls of enchant weapon {!r, unknown}
 k - a scroll of random uselessness {!r, unknown}
 l - a scroll of remove curse {!r, unknown}
 m - a scroll of teleportation {!r, unknown}
 n - a scroll of amnesia {!r, unknown}
 p - 3 scrolls of immolation {!r, unknown}
Potions
 h - a potion of heal wounds {!q, unknown}
 i - a potion of berserk rage {!q, unknown}
 o - a potion of flight {!q, unknown}
Comestibles
 f - 3 rations


   Skills:
 + Level 1.6 Fighting
 - Level 2.0 Short Blades
 + Level 4.0 Dodging
 - Level 2.0 Stealth
 * Level 5.4 Evocations


You had 3 spell levels left.
You didn't know any spells.

Dungeon Overview and Level Annotations

Branches:
Dungeon (5/15)             Temple (1/1) D:4

Altars:
Dithmenos
Elyvilon
Fedhas
Hepliaklqana
Kikubaaqudgha
Makhleb
Nemelex Xobeh
Ru
Sif Muna
Trog
Uskayaw
Wu Jian
Yredelemnul
Zin


Innate Abilities, Weirdness & Mutations

You are very small and have problems with some larger weapons.
You are too small for most types of armour.
You have supernaturally acute eyesight. (SInv)
You are a herbivore.
You cover ground extremely quickly.
You need consume almost no food.


Message History

The orc is lightly wounded.
The orc misses you.
You closely miss the orc.
The orc is lightly wounded.
You hit the orc.
The orc is heavily wounded.
The orc hits you with a morningstar.
You hit the orc but do no damage.
The orc is heavily wounded.
The orc misses you.
You hit the orc.
The orc is severely wounded.
The orc hits you with a morningstar!
* * * LOW HITPOINT WARNING * * *
You hit the orc.
You kill the orc!
You swing at nothing.
Found a stone staircase leading down.
There is a stone staircase leading up here.
You start resting.
HP restored.
There is a stone staircase leading down here.
You climb downwards.
There is a stone staircase leading up here.
You open the door.
A centaur skeleton comes into view.
There is an open door here.
An orc wizard comes into view. It is wielding a dagger.
The centaur skeleton barely misses you.
An orc wizard comes into view. It is wielding a dagger.
Found 18 stones.
The orc wizard shouts! x2; You hear a shout!
Found 18 gold pieces.
The orc wizard hits you with a dagger.
An orc comes into view. It is wielding a short sword.
The orc throws a tomahawk.
The tomahawk completely misses you.
The orc wizard points at you and mumbles some strange words.
The magic dart hits you! The orc wizard casts a spell at you.
The magic dart hits you!
* * * LOW HITPOINT WARNING * * *
An ice beast comes into view.
The orc throws a tomahawk.
The tomahawk hits you.
* * * LOW HITPOINT WARNING * * *
Found a stone staircase leading down.
You see here a tomahawk.
An adder comes into view.
An orc comes into view.
The adder hisses angrily.
You see here 18 gold pieces.
You now have 48 gold pieces (gained 18).
The orc shouts!
The orc wizard casts a cantrip, but nothing happens.
The orc throws a tomahawk.
The tomahawk misses you.
The tomahawk hits the centaur skeleton.
The orc throws a tomahawk.
The tomahawk misses you.
The tomahawk hits the centaur skeleton.
The adder closely misses you.
You open the door.
The orc wizard mumbles some strange words.
The orc wizard flickers and vanishes for a moment.
The adder closely misses you. The ice beast completely misses you.
The orc throws a tomahawk.
The tomahawk completely misses you.
The tomahawk hits the centaur skeleton!
The centaur skeleton hits you!
You die...

#.........#
#.o.......#
#...(.o.o.#
#.........#
#.........#
#......(..#
#.......(.#
#......SZ.#
#.......Y@##
#......>..'..!...
#.........#/.....
#.........#......
#........o# .....
.........# #####
#########


You could see an ice beast, 2 orc wizards, an adder, 2 orcs and a centaur
skeleton.

Vanquished Creatures
  An orc priest (D:4)
  An orc wizard (D:3)
  2 adders
  An ooze (D:3)
  2 orcs
  A goblin (D:3)
  2 hobgoblins (D:3)
  A quokka (D:3)
  2 bats
  A kobold (D:3)
  A rat (D:3)
15 creatures vanquished.

Notes
Turn   | Place    | Note
-------+----------+-------------------------------------------
     0 | D:1      | Amnesiac the Spriggan Artificer began the quest for the Orb.
     0 | D:1      | Reached XP level 1. HP: 9/9 MP: 4/4
   230 | D:3      | Found a faded altar of an unknown god.
   231 | D:3      | Noticed an orc wizard
   259 | D:4      | Noticed an orc priest
   259 | D:4      | Noticed an orc priest
   269 | D:3      | Reached skill level 1 in Fighting
   269 | D:3      | Reached XP level 2. HP: 3/14 MP: 6/6
   274 | D:3      | Reached XP level 3. HP: 4/18 MP: 7/7
   286 | D:3      | Reached skill level 5 in Evocations
   680 | D:4      | Found a deep blue altar of Sif Muna.
   718 | D:4      | Found a staircase to the Ecumenical Temple.
   736 | Temple   | Entered the Ecumenical Temple
   881 | D:4      | Reached XP level 4. HP: 5/22 MP: 7/9
  1275 | D:5      | Entered Level 5 of the Dungeon
  1289 | D:5      | Noticed an ice beast
  1297 | D:5      | Slain by a centaur skeleton

Vault maps used:
D:1:      erik_arrival_blinker_ship, okawaru_ov_weapons_minmay
D:2:      grunt_qazlal_clouds, gammafunk_temple_overflow_pools, uniq_jessica
D:3:      chequers_ecumenical_altar_simple, first_ration, dk_noncrumbling_3
D:4:      kennysheep_little_box, cheibriados_altar_1, temple_pool_b,
          minivault_23, uniq_sigmund
D:5:      cheibrodos_quashed
Temple:   dshaligram_water_room_temple

Skill      XL: |  1  2  3 |
---------------+----------+-----
Fighting       | 1 |  1.6
Stealth        | 2 |  2.0
Evocations     | 5 |  5.4
Short Blades   | 2 |  2.0
Dodging        | 4 |  4.0

Action                   |  1- 3 |  4- 6 || total
-------------------------+-------+-------++-------
Melee: Short sword       |    23 |     7 ||    30
Evoke: Wand              |    11 |     1 ||    12
 Stab: Sleeping          |     1 |       ||     1
Armor: Robe              |    13 |       ||    13
Dodge: Dodged            |    80 |    12 ||    92

Table legend:
 A = Spawn XP
 B = Non-spawn XP
 C = Spawn XP percentage of total XP
 D = Spawn monster count
 E = Non-spawn monster count
 F = Spawn count percentage of total count
 G = Total turns spent on level
                    A         B        C        D         E        F      G
               +---------+---------+-------+---------+---------+-------+---------
         Total |       0 |     133 |   0.0 |       0 |      15 |   0.0 |  1297
               +---------+---------+-------+---------+---------+-------+---------
           D:1 |       0 |       1 |   0.0 |       0 |       1 |   0.0 |    77
           D:3 |       0 |      75 |   0.0 |       0 |      11 |   0.0 |   397
           D:4 |       0 |      44 |   0.0 |       0 |       2 |   0.0 |   310
        Temple |       0 |      13 |   0.0 |       0 |       1 |   0.0 |   385
               +---------+---------+-------+---------+---------+-------+---------
